 Dungeon Crawl Stone Soup version 0.28.0-43-g3370ac3207 (webtiles) character file.

Game seed: 5060344297737614625

155 RascalDebosk the Covered (level 5, -1/70 HPs)
             Began as a Minotaur Fighter on Mar 31, 2022.
             Slain by a gnoll
             ... wielding a +0 spear
              (4 damage)
             ... on level 4 of the Dungeon.
             The game lasted 00:15:28 (3123 turns).

RascalDebosk the Covered (Minotaur Fighter)         Turns: 3123, Time: 00:15:39

Health: -1/70      AC: 22    Str: 23    XL:     5   Next: 14%
Magic:  4/4        EV:  2    Int:  5    God:
Gold:   144        SH:  4    Dex:  9    Spells: 4/4 levels left

rFire   . . .      SeeInvis .   a - +0 trident
rCold   . . .      Faith    .   c - +0 buckler
rNeg    . . .      Spirit   .   (armour currently unavailable)
rPois   +          Reflect  .   (helmet currently unavailable)
rElec   .          Harm     .   (cloak currently unavailable)
rCorr   .          Rampage  .   (gloves currently unavailable)
Will    .....      NoTele   +   (boots currently unavailable)
Stlth   +.........              (no amulet)
HPRegen 0.21/turn               (no ring)
MPRegen 0.09/turn               (no ring)

@: lethally poisoned (-1 -> -6), tree-form
A: stationary, stasis, torment immunity, boosted hp, (horns 2), (retaliatory
headbutt), evolution 1
a: no special abilities


You were on level 4 of the Dungeon.
You were a tree.
You visited 1 branch of the dungeon, and saw 4 of its levels.

You collected 144 gold pieces.

Inventory:

Hand Weapons
 a - a +0 trident (weapon)
Missiles
 j - 83 stones (quivered)
 q - a throwing net
 t - 2 boomerangs
Armour
 c - a +0 buckler (worn)
 o - a +0 chain mail (melded)
Jewellery
 g - a ring of positive energy
 r - a ring of poison resistance
Scrolls
 b - a scroll of fog {unknown}
 e - a scroll of immolation {unknown}
 f - a scroll of enchant armour {unknown}
 h - a scroll of identify {unknown}
 i - a scroll of vulnerability {unknown}
 k - a scroll of amnesia {unknown}
 u - a scroll of teleportation {unknown}
Potions
 d - a potion of might
 n - a potion of magic {unknown}
 p - a potion of ambrosia {unknown}
 s - a potion of heal wounds {unknown}


   Skills:
 + Level 4.3 Fighting
 + Level 3.3 Polearms
 + Level 1.9 Throwing
 + Level 4.3 Armour
 + Level 4.3 Shields
 + Level 1.6 Evocations


You had 4 spell levels left.
You didn't know any spells.
Your spell library was empty.

Dungeon Overview and Level Annotations

Branches:
Dungeon (4/15)
 Temple: D:4-7

Altars:
Gozag
Kikubaaqudgha
Okawaru

Annotations:
D:3 3 runed translucent doors, issech's ghost, weakling TrMo


Innate Abilities, Weirdness & Mutations

You are a tree.
Your roots penetrate the ground, keeping you stationary.
You cannot be teleported.
You are immune to unholy pain and torment.
Your maximum health is greatly increased.
Your equipment is partially melded.
((You have a pair of horns on your head.))
((You reflexively headbutt those who attack you in melee.))
You have hidden genetic potential.


Message History

The gnoll hits you but does no damage.
The gnoll hits you from afar with a +0 spear.
The scorpion stings you.
* * * LOW HITPOINT WARNING * * *
The gnoll hits you but does no damage.
You are too injured to fight recklessly!
You are too injured to fight recklessly!
You are too injured to fight recklessly!
You are too injured to fight recklessly!
You are too injured to fight recklessly!
You are too injured to fight recklessly!
You closely miss the scorpion. The scorpion stings you.
* * * LOW HITPOINT WARNING * * *
The gnoll hits you from afar with a +0 spear.
* * * LOW HITPOINT WARNING * * *
The scorpion stings you but does no damage.
You barely miss the scorpion. You headbutt the scorpion.
The scorpion is moderately wounded.
The gnoll closely misses you.
The scorpion stings you but does no damage.
You barely miss the scorpion. Your headbutt misses the scorpion.
The scorpion is moderately wounded.
The scorpion stings you.
* * * LOW HITPOINT WARNING * * *
You are lethally poisoned!
The scorpion poisons you! The gnoll hits you but does no damage.
The scorpion barely misses you. You block the gnoll's attack.
It was a potion of mutation.
You feel extremely strange.
You feel a hidden potential growing inside you.
* * * LOW HITPOINT WARNING * * *
You feel sick.
The scorpion stings you but does no damage.
You block the gnoll's attack.
It was a potion of lignification.
You turn into a tree.
Your +0 chain mail melds into your body.
Your roots penetrate the ground.
* * * LOW HITPOINT WARNING * * *
You feel sick. You block the scorpion's attack.
The gnoll hits you from afar with a +0 spear.
You die...

##.##..#....+ .#
+.........#....#..# g.
#... .....#.......#
...#...#...#.#)#...#.#
...##...###..#..###..#
#......#!#..#..#.#..#
#......##).)...'##..# .
#.....#...##'##...#
#'##.......#♣#...#......#
........).g#s#...#......#
........)..#g#.:.#......#
.......).#..g#####...#..#
.......)..##'.....+##...#
...####...#$#.....# ...#
.. #...## .....# ...#
#..#. #...#. #..... .....


You could see a scorpion and 2 gnolls.

Vanquished Creatures
  5 gnolls
  4 adders
  6 orcs
  4 ball pythons
  5 endoplasms
  3 giant cockroaches
  7 goblins
  3 hobgoblins
  7 jackals
  2 quokkas
  7 bats
  4 frilled lizards (D:2)
  6 kobolds
  3 rats (D:3)
66 creatures vanquished.

Notes
Turn   | Place    | Note
-------+----------+-------------------------------------------
     0 | D:1      | RascalDebosk the Minotaur Fighter began the quest for the
                  | Orb.
     0 | D:1      | Reached XP level 1. HP: 19/19 MP: 0/0
   158 | D:1      | Found a faded altar of an unknown god.
   572 | D:1      | Reached XP level 2. HP: 27/27 MP: 1/1
  1230 | D:2      | Reached XP level 3. HP: 33/33 MP: 2/2
  1373 | D:2      | Reached skill level 1 in Throwing
  1480 | D:2      | Reached skill level 1 in Evocations
  1799 | D:3      | Found an iron altar of Okawaru.
  2233 | D:3      | Found an opulent altar of Gozag.
  2264 | D:3      | Reached XP level 4. HP: 40/40 MP: 3/3
  2266 | D:3      | Found a runed translucent gate.
  2266 | D:3      | Found a runed translucent gate.
  2267 | D:3      | Found a runed translucent gate.
  2270 | D:3      | Noticed issech's ghost (weakling TrMo)
  2754 | D:3      | Found an ancient bone altar of Kikubaaqudgha.
  3048 | D:4      | Reached XP level 5. HP: 43/46 MP: 4/4
  3122 | D:4      | Gained mutation: You have hidden genetic potential. [potion
                  | of mutation]
  3123 | D:4      | HP: 3/70 [poisoned by a scorpion]
  3123 | D:4      | Slain by a gnoll

Illustrated notes

Levels and vault maps discovered:
D:1:      minmay_arrival_cross, layout_basic, chequers_ecumenical_altar_island,
          lemuel_another_geyser
D:2:      layout_loops_cross
D:3:      layout_loops_ring, nicolae_gozag_seed_capital,
          mainiacjoe_overflow_alcove_2, okawaru_ov_weapons_minmay,
          gammafunk_ghost_necromancy
D:4:      layout_gridville, mainiacjoe_overflow_boulevard,
          nicolae_vehumet_radiance, serial_glass, glass_columns_c,
          glass_columns_b, minmay_fractal_squares_diagonal_5

Skill      XL: |  1  2  3  4 |
---------------+-------------+-----
Throwing       | 1 |  1.9
Armour         | 4 |  4.3
Shields        | 4 |  4.3
Fighting       | 4 |  4.3
Evocations     | 1 |  1.6
Polearms       | 3 |  3.3

Action                   |  1- 3 |  4- 6 || total
-------------------------+-------+-------++-------
Melee: Trident           |   112 |    97 ||   209
       Headbutt          |     7 |    10 ||    17
Throw: Stone             |       |     5 ||     5
  Use: Potion            |       |     2 ||     2
Armor: Scale mail        |    34 |       ||    34
       Chain mail        |     1 |    46 ||    47
Dodge: Dodged            |    40 |    37 ||    77
Block: Buckler           |    21 |    18 ||    39
